cohdb
Replays
Latest Replays
All Replays
Popular Replays
Top Player Replays
Match Explorer
How It Works
Community
CoH3 Stats
Reddit
Sign in to upload your games and track your stats! →
Sign in with Steam
Match 41247343
Unlisted
Match 41247343
Overview
Messages
Build Orders
End
Kettenkrad Recon Vehicle
Construct Infanterie Kompanie
Selects Terror Battlegroup
Selects Machine Gun Camouflage
MG 42 Machine Gun Team
Sniper
MG 42 Machine Gun Team
Kettenkrad Recon Vehicle
Grenadier Squad
Construct Panzergrenadier Kompanie
Pak 40 Anti-tank Gun Team
Infanterie Officer Quarters
Grenadier Squad
Selects Defend the Fatherland
Medical Bunker
Construct Panzer Kompanie
Panzer IV Medium Tank
Grenadier Squad
Pioneer Squad
Side Skirts
Panzer Officer Quarters
MG 42 Bunker
Panzergrenadier Officer Quarters
Selects King Tiger Heavy Tank
King Tiger Heavy Tank
MG 42 Bunker
MG 42 Bunker
Kettenkrad Recon Vehicle
MG 42 Bunker
Grenadier Squad
Forward Retreat Point
Selects Interrogate
Selects Propaganda Leaflet Drop
Selects V1 Rocket Strike
FabledFalcons
chad
하나은행인주도둑
CPU - VERY EASY
洛洛
Amatsukaze
Ovoo
DodoSlayer27
0
0
Comments
sign in to comment!
No comments posted yet!